AoeStats
← mahel

Nomad

508924781Analyzed
3v3 RM · 8d ago on Sep 24, 2026· 53m 32s· 6 players
Game mode
Random Map
Map size
210×210
Population
200
Speed
Normal
Resources
Standard
Victory
Conquest
Starting age
Dark Age
Ending age
Imperial Age
RankedLock teamsTeams togetherTeam positionsShared explorationLock speedFull tech treeHidden civsTurbo modeCheats
Victory
Defeat
🇨🇿 Varangians · Czechia
889
+17
🇨🇿 Persians · Czechia
870
+18
🇨🇿 Italians · Czechia
850
+19
🇰🇿 Spanish · Kazakhstan
935
-19
🇺🇸 Mongols · United States
909
-40
🇺🇸 Bengalis · United States
882
-17
AntSnCt
13:17 Feudal Age
22:46 Man-at-Arms
24:06 Double-Bit Axe
29:38 Castle Age
41:02 Murder Holes
41:11 Gold Mining
45:06 Imperial Age
44:31 Fletching
46:58 Capped Ram
burgerkingington
15:01 Feudal Age
15:07 Feudal Age
15:13 Feudal Age
15:19 Feudal Age
15:52 Double-Bit Axe
15:58 Double-Bit Axe
15:59 Horse Collar
16:05 Horse Collar
17:06 Wheelbarrow
16:16 Loom
16:17 Town Watch
17:18 Fishing Lines
17:25 Fishing Lines
17:33 Fishing Lines
26:06 Castle Age
26:13 Castle Age
26:19 Castle Age
26:25 Castle Age
25:26 Stone Mining
25:34 Stone Mining
25:58 Gold Mining
26:05 Gold Mining
26:11 Gold Mining
26:17 Gold Mining
27:36 Bow Saw
27:42 Bow Saw
27:49 Bow Saw
27:55 Bow Saw
28:01 Bow Saw
28:01 Heavy Plow
28:07 Heavy Plow
28:14 Heavy Plow
28:21 Heavy Plow
28:16 Elite Skirmisher
28:22 Elite Skirmisher
28:28 Elite Skirmisher
30:55 Fletching
31:01 Fletching
31:25 Padded Archer Armor
34:09 Paiks
34:16 Paiks
34:23 Paiks
34:30 Paiks
34:27 Bodkin Arrow
34:34 Bodkin Arrow
35:10 Man-at-Arms
36:20 Leather Archer Armor
36:26 Leather Archer Armor
41:44 Imperial Age
41:50 Imperial Age
41:56 Imperial Age
42:02 Imperial Age
39:49 Hand Cart
39:50 Heated Shot
41:16 Ballistics
41:23 Ballistics
41:13 Husbandry
41:24 Bloodlines
42:09 Masonry
42:27 Careening
42:15 Murder Holes
42:21 Murder Holes
42:29 Murder Holes
42:46 Fortified Wall
42:31 Murder Holes
42:37 Murder Holes
43:12 Conscription
43:18 Conscription
51:47 Gold Shaft Mining
Monument
5:04 Loom
17:38 Feudal Age
19:05 Wheelbarrow
19:23 Double-Bit Axe
21:29 Stone Mining
22:37 Gold Mining
24:50 Fletching
25:01 Padded Archer Armor
30:17 Castle Age
35:26 Fishing Lines
39:04 Fervor
39:37 Hand Cart
39:25 Gillnets
43:06 Stone Shaft Mining
43:17 Husbandry
43:28 Bloodlines
52:45 Ballistics
52:21 Murder Holes
libor1234
5:18 Loom
17:10 Feudal Age
17:51 Double-Bit Axe
19:50 Gold Mining
22:04 Horse Collar
24:51 Castle Age
23:06 Forging
23:13 Bloodlines
24:18 Fishing Lines
26:10 Iron Casting
25:48 Bow Saw
26:58 Pikeman
30:56 Wheelbarrow
30:31 Scale Barding Armor
30:18 Stone Mining
30:32 Gillnets
31:07 Medium Warships
32:57 Stone Shaft Mining
33:00 Heavy Plow
35:00 Chain Barding Armor
35:18 Gold Shaft Mining
35:15 Kamandaran
38:44 Imperial Age
36:39 Fletching
36:50 Padded Archer Armor
36:15 Crossbowman
37:01 Thumb Ring
37:51 Bodkin Arrow
38:25 Scale Mail Armor
38:32 Murder Holes
39:27 Conscription
40:16 Chemistry
39:49 Crop Rotation
40:22 Two-Man Saw
40:03 Heavy Warships
40:44 Blast Furnace
39:09 Cavalier
40:20 Hand Cart
41:38 Leather Archer Armor
42:12 Husbandry
42:53 Plate Barding Armor
44:30 Light Cavalry
45:47 Ring Archer Armor
45:32 Chain Mail Armor
45:30 Citadels
45:08 Elite Skirmisher
47:29 Hussar
49:12 Plate Mail Armor
50:35 Fervor
50:25 Devotion
50:57 Town Watch
ondrej.cz
4:37 Loom
13:55 Feudal Age
14:23 Double-Bit Axe
15:04 Gold Mining
15:22 Man-at-Arms
15:48 Arson
21:16 Forging
20:57 Fletching
22:23 Scale Mail Armor
27:40 Castle Age
29:00 Bodkin Arrow
32:15 Long Swordsman
32:56 Squires
33:43 Gambesons
39:01 Wheelbarrow
38:50 Bow Saw
38:25 Horse Collar
42:02 Hand Cart
46:58 Imperial Age
43:52 Vendel Legacy
47:40 Chain Mail Armor
48:01 Iron Casting
47:27 Padded Archer Armor
47:32 Scale Barding Armor
47:30 Murder Holes
47:46 Masonry
49:36 Chemistry
49:15 Cranequins
51:23 Heavy Mounted Crossbowman
mahel
5:51 Loom
13:35 Feudal Age
13:43 Man-at-Arms
14:20 Double-Bit Axe
22:38 Horse Collar
25:56 Castle Age
24:17 Fletching
25:14 Stone Mining
29:12 Bodkin Arrow
29:57 Gold Mining
31:14 Bow Saw
30:32 Long Swordsman
31:34 Forging
32:19 Wheelbarrow
34:51 Padded Archer Armor
36:11 Scale Mail Armor
39:52 Leather Archer Armor
44:00 Imperial Age
42:03 Hand Cart
47:00 Pirotechnia
48:30 Fishing Lines
48:53 Heavy Plow
48:52 Town Watch
49:42 Ring Archer Armor
49:13 Bracer
49:29 Chain Mail Armor
49:49 Iron Casting
49:58 Elite Genoese Crossbowman
52:24 Conscription
52:38 Plate Mail Armor
Connection lost

Rejoining the realm…

Still unreachable

The connection could not be restored.

Session expired

The server has moved on; the page needs a fresh start.